 Dungeon Crawl Stone Soup version 0.31.0-11-ge490571c62 (webtiles) character file.

Game seed: 1856090950546461513

225 qw the Skirmisher (level 5, -7/29 HPs)
             Began as a Deep Elf Hunter on Feb 3, 2024.
             Mangled by Blork the orc
             ... wielding a +7 quarterstaff
              (15 damage)
             ... on level 4 of the Dungeon.
             The game lasted 00:00:08 (2515 turns).

qw the Skirmisher (Deep Elf Hunter)                 Turns: 2515, Time: 00:00:09

Health: -7/29      AC:  3    Str: 10    XL:     5   Next: 68%
Magic:  7/7        EV: 14    Int: 14    God:
Gold:   175        SH:  0    Dex: 18    Spells: 4/4 levels left

rFire   + . .        a - +0 shortbow
rCold   + . .        (shield currently unavailable)
rNeg    . . .        c - +1 robe {rC+ rF+}
rPois   .            (no helmet)
rElec   .            (no cloak)
rCorr   .            (no gloves)
SInv    +            (no boots)
Will    .....        (no amulet)
Stlth   ++           h - ring of see invisible
HPRegen 0.24/turn    (no ring)
MPRegen 0.10/turn

%: no passive effects
@: no status effects
A: no striking features
a: no special abilities


You were on level 4 of the Dungeon.
You visited 1 branch of the dungeon, and saw 4 of its levels.

You collected 175 gold pieces.


   Skills:
 - Level 1.5 Fighting
 + Level 8.5 Ranged Weapons
 - Level 4.0 Dodging
 - Level 1.2 Stealth


You had 4 spell levels left.
You didn't know any spells.
Your spell library was empty.

Inventory:

Hand Weapons
 a - a +0 shortbow (weapon)
Armour
 b - a +0 ring mail
 c - a +1 robe of resistance (worn)
Jewellery
 h - a ring of see invisible (left hand)
Potions
 d - a potion of might
 e - a potion of curing
 i - a potion of heal wounds {unknown}
 j - a potion of invisibility {unknown}
 l - a potion of lignification {unknown}

Dungeon Overview and Level Annotations

Branches:
Dungeon (4/15)
 Temple: D:4-7

Altars:
Hepliaklqana

Shops:
D:3 =:*(

Annotations:
D:4 Blork the orc


Message History

You shoot an arrow. The arrow hits the bullfrog!
You kill the bullfrog!
Your Dodging skill gained 2 levels and is now at level 4!
You start resting.
HP restored.
You now have 162 gold pieces (gained 5).
You now have 175 gold pieces (gained 13).
Found a faded altar of an unknown god.
Blork the orc comes into view.
He is wielding a +7 quarterstaff.
Found a hazy altar of Hepliaklqana.
Blork the orc shouts!
You shoot an arrow. The arrow closely misses Blork the orc.
You shoot an arrow. The arrow hits Blork the orc.
Blork the orc is moderately wounded.
Blork the orc hits you with a +7 quarterstaff!
You shoot an arrow. The arrow hits Blork the orc.
Blork the orc is heavily wounded.
Blork the orc barely misses you.
You shoot an arrow. The arrow hits Blork the orc.
Blork the orc is severely wounded.
Blork the orc casts a spell at you. The puff of frost hits you. You resist.
You shoot an arrow.
The arrow hits Blork the orc but does no damage.
Blork the orc is severely wounded.
Blork the orc points at you and mumbles some strange words.
The puff of frost hits you. You resist.
You shoot an arrow.
The arrow hits Blork the orc but does no damage.
Blork the orc is severely wounded.
Blork the orc completely misses you.
You shoot an arrow.
The arrow hits Blork the orc but does no damage.
Blork the orc is severely wounded.
Blork the orc hits you with a +7 quarterstaff.
You shoot an arrow. The arrow hits Blork the orc.
Blork the orc is severely wounded.
Blork the orc hits you with a +7 quarterstaff!
Ouch! That really hurt!
You die...

...............
######......... ###
............... ..#
######......... ._.#
..........##... ...#
######...¤¤#######...##
#...¤¤¤¤¤¤¤¤¤¤.....
#....¤¤¤¤¤¤¤¤¤#..._
#....¤¤¤¤¤¤@o¤.....
####.¤#######¤¤.###
#### ..# .# #


You could see Blork the orc.

Vanquished Creatures
  A bullfrog (D:4)
  A jelly (D:4)
  An orc priest (D:4)
  3 adders
  3 dart slugs
  A ribbon worm (D:2)
  8 orcs
  6 bats
  3 endoplasms (D:1)
  A giant cockroach (D:1)
  3 goblins
  5 hobgoblins
  4 jackals
  7 ball pythons
  3 frilled lizards
  7 kobolds
  3 rats
60 creatures vanquished.

Notes
Turn   | Place    | Note
-------+----------+-------------------------------------------
     0 | D:1      | qw the Deep Elf Hunter began the quest for the Orb.
     0 | D:1      | Reached XP level 1. HP: 12/12 MP: 3/3
     0 | D:1      | 0 ||| qw: Version: 0.3-a-157-g843a77d
     0 | D:1      | 0 ||| qw: Game counter: 3747
     0 | D:1      | 0 ||| qw: Melee chars always use a shield: true
     0 | D:1      | 0 ||| qw: God list: Okawaru
     0 | D:1      | 0 ||| qw: Allow faded altars: false
     0 | D:1      | 0 ||| qw: Do Orc after clearing Dungeon:15 true
     0 | D:1      | 0 ||| qw: Do second Lair branch before Depths: true
     0 | D:1      | 0 ||| qw: Lair rune preference: random
     0 | D:1      | 0 ||| qw: Goals: Normal
     0 | D:1      | 0 ||| PLANNING D:1-11
   234 | D:1      | Reached skill level 6 in Ranged Weapons
   234 | D:1      | Reached XP level 2. HP: 15/16 MP: 4/4
   457 | D:1      | Found a faded altar of an unknown god.
  1082 | D:1      | 1082 ||| UPGRADING to ring of see invisible.
  1083 | D:1      | 1083 ||| READING scroll labelled OSTREI NEFAUSHRI.
  1084 | D:1      | 1084 ||| DROPPING scroll of butterflies.
  1119 | D:2      | 1119 ||| STAIRDANCE
  1244 | D:2      | Reached XP level 3. HP: 20/20 MP: 5/5
  1570 | D:2      | 1570 ||| READING 2 scrolls labelled XOWUSE TIQIN.
  1570 | D:2      | 1570 ||| IDENTIFYING purple potion
  1571 | D:2      | 1571 ||| READING scroll of identify.
  1571 | D:2      | 1571 ||| IDENTIFYING inky potion
  1572 | D:2      | 1572 ||| READING scroll labelled KEHI OTIFIURI.
  1572 | D:2      | 1572 ||| ENCHANTING +0 shortbow.
  1573 | D:2      | 1573 ||| DRINKING 2 red potions.
  1574 | D:2      | 1574 ||| DROPPING potion of attraction.
  1611 | D:3      | Found Riomekh's Weapon Emporium.
  1619 | D:3      | 1619 ||| SHOPLISTING +6 triple crossbow of draining (550
                  | gold, have 114).
  1657 | D:3      | Found Xuchidy's Jewellery Emporium.
  1666 | D:3      | 1666 ||| SHOPLISTING ring "Goinlamu" {rElec rCorr Str+2}
                  | (496 gold, have 114).
  1666 | D:3      | 1666 ||| SHOPLISTING ring of Neonevurph {rC+ Will- MP+9
                  | Str+3} (469 gold, have 114).
  1666 | D:3      | 1666 ||| SHOPLISTING ring of ice (325 gold, have 114).
  1666 | D:3      | 1666 ||| SHOPLISTING ring of poison resistance (260 gold,
                  | have 114).
  1666 | D:3      | 1666 ||| SHOPLISTING ring of protection from cold (325
                  | gold, have 114).
  1666 | D:3      | 1666 ||| SHOPLISTING ring of willpower (325 gold, have
                  | 114).
  1699 | D:3      | 1699 ||| FLEEEEING.
  1771 | D:3      | Reached skill level 7 in Ranged Weapons
  1872 | D:3      | Found Dutotank's Book Shoppe.
  1889 | D:3      | 1889 ||| UPGRADING to +0 ring mail.
  1899 | D:3      | 1899 ||| DROPPING +0 leather armour.
  1903 | D:3      | Found Loalod's General Store.
  1983 | D:3      | Reached XP level 4. HP: 23/25 MP: 6/6
  2275 | D:3      | 2275 ||| READING scroll labelled HEGRIF GUTAIDO.
  2278 | D:3      | 2278 ||| READING scroll labelled DOLONI JOGOI.
  2279 | D:3      | 2279 ||| READING 2 scrolls labelled XITOEM RUFA.
  2280 | D:3      | 2280 ||| READING scroll labelled QUNEM KOF MITI.
  2281 | D:3      | 2281 ||| DROPPING scroll of noise.
  2316 | D:4      | Reached skill level 8 in Ranged Weapons
  2320 | D:4      | 2320 ||| RETREEEEATING.
  2321 | D:4      | 2321 ||| RETREEEEATING.
  2340 | D:4      | Reached XP level 5. HP: 14/29 MP: 7/7
  2361 | D:4      | 2361 ||| FLEEEEING.
  2362 | D:4      | 2362 ||| FLEEEEING.
  2363 | D:4      | 2363 ||| FLEEEEING.
  2364 | D:4      | 2364 ||| STAIRDANCE
  2402 | D:3      | 2402 ||| UPGRADING to +1 robe of resistance.
  2506 | D:4      | Found a faded altar of an unknown god.
  2507 | D:4      | Found a hazy altar of Hepliaklqana.
  2507 | D:4      | Noticed Blork the orc
  2515 | D:4      | Mangled by Blork the orc

Levels and vault maps discovered:
D:1:      dpeg_arrival_morbid_curiosity, layout_loops_corners,
          chequers_ecumenical_altar_grove, serial_rivers,
          chequers_serial_rivers_micro_d, chequers_serial_rivers_small_b,
          chequers_serial_rivers_micro_a, chequers_serial_rivers_micro_b,
          chequers_serial_rivers_micro_e, minmay_tetromino_i4
D:2:      layout_rooms
D:3:      layout_basic, serial_shops, nicolae_shop_stone, shop,
          nicolae_shop_gaudy_bauble, shop
D:4:      layout_basic, beargit_hepliaklqana_dungeon_heroes,
          minmay_temple_entry_enclosed_plants, nicolae_shop_unique_rings

Skill      XL: |  1  2  3  4  5 |
---------------+----------------+-----
Ranged Weapons | 6 7 8 |  8.5
Dodging        | 4 |  4.0
Fighting       | |  1.5
Stealth        | |  1.2

Action                     |  1- 3 |  4- 6 || total
---------------------------+-------+-------++-------
   Fire: Shortbow          |   135 |    57 ||   192
    Use: Scroll            |     4 |     4 ||     8
         Potion            |     1 |       ||     1
 Armour: Leather armour    |    21 |       ||    21
         Ring mail         |     2 |     7 ||     9
         Robe              |       |     9 ||     9
  Dodge: Dodged            |    36 |    14 ||    50

Table legend:
 A = Non-vault XP
 B = Vault XP
 C = Vault XP percentage of total XP
 D = Non-vault monster count
 E = Vault monster count
 F = Vault count percentage of total count
                 A         B        C        D         E       F
            +---------+---------+-------+---------+---------+-------
      Total |     308 |      14 |   4.3 |      52 |       8 |  13.3
            +---------+---------+-------+---------+---------+-------
        D:1 |      22 |      14 |  38.9 |      14 |       8 |  36.4
        D:2 |      14 |       0 |   0.0 |       7 |       0 |   0.0
        D:3 |      53 |       0 |   0.0 |      21 |       0 |   0.0
        D:4 |     219 |       0 |   0.0 |      10 |       0 |   0.0
            +---------+---------+-------+---------+---------+-------
